 Dungeon Crawl Stone Soup version 0.31-a0-489-g282fc92437 (webtiles) character file.

Game seed: 15889357980428677728

72 Ethylacetat the Sneak (level 4, -12/30 (31) HPs)
             Began as an Octopode Brigand on Aug 8, 2023.
             Mangled by Terence
             ... wielding the +7 Throatcutter {drain, coup de grace}
              (13 damage)
             ... on level 3 of the Dungeon.
             The game lasted 00:01:59 (1442 turns).

Ethylacetat the Sneak (Octopode Brigand)            Turns: 1442, Time: 00:02:00

HP:   -12/30 (31)   AC:  1    Str: 10    XL:     4   Next: 26%
MP:   4/4           EV: 13    Int: 13    God:
Gold: 115           SH:  0    Dex: 15    Spells: 3/3 levels left

rFire   . . .        a - +2 dagger
rCold   . . .        (no shield)
rNeg    . . .        (helmet restricted)
rPois   +            (no amulet)
rElec   .            i - ring of poison resistance
rCorr   .            (no ring)
SInv    .            (no ring)
Will    .....        (no ring)
Stlth   ++++         (no ring)
HPRegen 0.25/turn    (no ring)
MPRegen 0.09/turn    (no ring)
                     (no ring)

%: no passive effects
@: on berserk cooldown, attractive, slowed, lightly drained, very slow
A: almost no armour, amphibious, 8 rings, camouflage 1, gelatinous body 1,
(nimble swimmer 1), tentacles
a: no special abilities


You were on level 3 of the Dungeon.
You visited 1 branch of the dungeon, and saw 3 of its levels.

You collected 115 gold pieces.

Inventory:

Hand Weapons
 a - a +2 dagger (weapon)
Missiles
 b - 14 poisoned darts (quivered)
 c - 3 curare-tipped darts
Jewellery
 i - a ring of poison resistance (left tentacle)
Talismans
 l - a talisman of death
Scrolls
 f - a scroll of teleportation {unknown}
 h - a scroll of identify {unknown}
 j - a scroll of enchant weapon {unknown}
 k - a scroll of blinking {unknown}
 m - a scroll of enchant armour {unknown}
Potions
 g - 2 potions of lignification {unknown}
 n - a potion of heal wounds {unknown}


   Skills:
 + Level 3.0 Fighting
 - Level 2.0 Short Blades
 - Level 2.0 Throwing
 + Level 2.3 Dodging
 + Level 6.2 Stealth


You had 3 spell levels left.
You didn't know any spells.
Your spell library was empty.

Dungeon Overview and Level Annotations

Branches:
Dungeon (3/15)

Altars:
Cheibriados

Annotations:
D:3 Terence


Innate Abilities, Weirdness & Mutations

You cannot wear most types of armour.
You are amphibious.
You can wear up to eight rings at the same time.
Your skin changes colour to match your surroundings (Stealth+).
Your rubbery body absorbs attacks. (AC +1, EV +1)
((You are camouflaged when in or above water. (Stealth+)))
You have tentacles for arms and can constrict up to eight enemies at once.


Message History

There are monsters nearby!
Okay, then.
Okay, then.
Okay, then.
Throw: 14 darts (poison)
Press: ? - help, Q - select action, (/) - cycle Shift-Dir - straight line, f - mummy
Aim: a mummy (73% to hit)
Okay, then.
It was a potion of berserk rage.
A red film seems to cover your vision as you go berserk!
You feel yourself moving faster!
You feel mighty!
You feel a strong urge to attack something.
Terence shouts!
You feel your anger nearly subside.
You puncture the mummy! You grab the mummy.
The mummy is heavily damaged.
You constrict the mummy. The mummy barely misses you.
You puncture the mummy!
You destroy the mummy!
Your Fighting skill increases to level 3!
You are no longer berserk.
You are exhausted.
You feel yourself slow down.
Terence zaps a wand.
The puff of flame misses you.
You hit Terence but do no damage. You grab Terence.
You constrict Terence, but do no damage.
Terence hits you with the +7 Throatcutter {drain, coup de grace}!
You feel drained.
You barely miss Terence.
You constrict Terence, but do no damage.
Terence zaps a wand.
The puff of flame hits you! The rat misses you. The rat bites you.
Terence zaps a wand.
The puff of flame hits you!
* * * LOW HITPOINT WARNING * * *
Unknown command.
Okay, then.
Okay, then.
It was a potion of attraction.
You feel attractive to monsters.
You constrict Terence. The rat barely misses you.
Terence hits you with the +7 Throatcutter {drain, coup de grace}!
You die...

######.#...# #.##
#....<....## ...###
#.###)###.####
.....# #......>.#
.....#
#####.######.....##
#<# #..........
#.###..........
##.#......._....
#......@@.......
#........r.......
##.....###.....##
##.#..# .....#
#.#### .....# #.#
...### #.# .### #..


You could see Terence and a rat.

Vanquished Creatures
  A mummy (D:3)
  An adder (D:2)
  2 dart slugs (D:2)
  6 ball pythons
  3 endoplasms
  2 giant cockroaches
  3 goblins
  2 hobgoblins
  3 jackals (D:1)
  3 quokkas (D:2)
  4 bats
  3 frilled lizards
  7 kobolds
  5 rats
45 creatures vanquished.

Notes
Turn   | Place    | Note
-------+----------+-------------------------------------------
     0 | D:1      | Ethylacetat the Octopode Brigand began the quest for the
                  | Orb.
     0 | D:1      | Reached XP level 1. HP: 14/14 MP: 1/1
    74 | D:1      | Found a faded altar of an unknown god.
   139 | D:1      | Reached XP level 2. HP: 19/19 MP: 2/2
   775 | D:1      | Reached XP level 3. HP: 25/25 MP: 3/3
  1054 | D:2      | Reached skill level 6 in Stealth
  1257 | D:2      | Reached XP level 4. HP: 30/30 MP: 4/4
  1423 | D:3      | Found a snail-covered altar of Cheibriados.
  1423 | D:3      | Noticed Terence
  1441 | D:3      | HP: 1/30 [Terence/puff of flame (11)]
  1442 | D:3      | Mangled by Terence

Illustrated notes

Levels and vault maps discovered:
D:1:      arrival_zaba_pyramid, layout_basic, ebering_ecumenical_altar_mist,
          hex_medium
D:2:      layout_rooms
D:3:      layout_loops_ring, slow_altar_1, uniq_terence, uniq_natasha

Skill      XL: |  1  2  3  4 |
---------------+-------------+-----
Dodging        | 2 |  2.3
Stealth        | 6 |  6.2
Fighting       | 3 |  3.0
Short Blades   | |  2.0
Throwing       | |  2.0

Action                     |  1- 3 |  4- 6 || total
---------------------------+-------+-------++-------
  Melee: Dagger            |    65 |     9 ||    74
         Constrict         |    12 |     3 ||    15
         Tentacles         |     8 |       ||     8
         Punch             |       |     1 ||     1
    Use: Potion            |       |     2 ||     2
   Stab: Sleeping          |    24 |     2 ||    26
         Distracted        |     1 |       ||     1
 Armour: Skin              |     1 |       ||     1
  Dodge: Dodged            |    25 |     7 ||    32

Table legend: (Time is in decaauts)
 A = Elapsed time spent in this place.
 B = Non-inter-level travel time spent in this place.
 C = Inter-level travel time spent in this place.
 D = Time resting spent in this place.
 E = Time spent auto-exploring this place.
 F = Levels seen in this place.
 G = Mean time per level.
                   A        B        C        D        E       F      G
               +--------+--------+--------+--------+--------+-----+--------+
         Total |   1432 |   1380 |     52 |      0 |   1087 |   3 |  477.3 |
       Dungeon |   1432 |   1380 |     52 |      0 |   1087 |   3 |  477.3 |
               +--------+--------+--------+--------+--------+-----+--------+

Top non-repeatable levels by time:
     D:1: 899 daAuts
     D:2: 493 daAuts
     D:3: 39 daAuts
